 Dungeon Crawl Stone Soup version 0.30-a0-779-g7971cf19c3 (webtiles) character file.

Game seed: 11301292158946901971

142 Dittersdorf the Covered (level 5, 0/33 HPs)
             Began as a Gargoyle Fighter on Feb 17, 2023.
             Slain by a goblin
             ... wielding a +0 club
             ... led by Robin
              (3 damage)
             ... on level 2 of the Dungeon.
             The game lasted 00:01:53 (1314 turns).

Dittersdorf the Covered (Gargoyle Fighter)          Turns: 1314, Time: 00:01:54

Health: 0/33       AC: 11    Str: 21    XL:     5   Next: 25%
Magic:  5/5        EV:  9    Int:  9    God:
Gold:   113        SH:  4    Dex:  9    Spells: 4/4 levels left

rFire   . . .      SeeInvis .    a - +0 flail
rCold   . . .      Faith    .    c - +0 buckler
rNeg    + . .      Spirit   .    b - +0 scale mail
rPois   ∞          Reflect  .    (no helmet)
rElec   +          Harm     .    (no cloak)
rCorr   .          Rampage  .    (no gloves)
Will    .....                    (no boots) Stlth
                                 (no amulet)
HPRegen 0.25/turn                (no ring)
MPRegen 0.09/turn                (no ring)

@: no status effects
A: sickness immunity, AC +4, negative energy resistance 1, electricity
resistance, torment resistance 1, petrification resistance
a: no special abilities


You were on level 2 of the Dungeon.
You visited 1 branch of the dungeon, and saw 2 of its levels.

You collected 113 gold pieces.

Inventory:

Hand Weapons
 a - a +0 flail (weapon)
Armour
 b - a +0 scale mail (worn)
 c - a +0 buckler (worn)
Scrolls
 f - 4 scrolls of identify {unknown}
 g - a scroll of amnesia {unknown}
Potions
 d - a potion of might
 e - a potion of flight {unknown}
 h - 2 potions of curing {unknown}
 i - a potion of mutation {unknown}


   Skills:
 + Level 4.2 Fighting
 + Level 3.1 Maces & Flails
 + Level 4.2 Armour
 + Level 4.2 Shields


You had 4 spell levels left.
You didn't know any spells.
Your spell library was empty.

Dungeon Overview and Level Annotations

Branches:
Dungeon (2/15)

Altars:

Shops:
D:2 ?

Annotations:
D:2 Robin


Innate Abilities, Weirdness & Mutations

You are immune to sickness and miasma.
Your stone body is resilient. (AC +4)
You are immune to poison.
You resist negative energy. (rN+)
You are resistant to electric shocks. (rElec)
You are resistant to unholy torment.
You are immune to petrification.


Message History

Robin says, "Kneel, worm!"
The ball python moves out of view.
You sock Robin!
Robin is almost dead.
Robin closely misses you. The hobgoblin barely misses you.
The hobgoblin hits you. The gnoll barely misses you.
You barely miss Robin.
Robin is almost dead.
The ball python hisses angrily.
The gnoll hits you with a +0 flail!
The gnoll hits you from afar with a +0 spear.
You block the hobgoblin's attack. The hobgoblin closely misses you.
You are too injured to fight recklessly!
You are too injured to fight recklessly!
You are too injured to fight recklessly!
You are too injured to fight recklessly!
You are too injured to fight recklessly!
You are too injured to fight recklessly!
You are too injured to fight recklessly!
You are too injured to fight recklessly!
You are too injured to fight recklessly!
You are too injured to fight recklessly!
You are too injured to fight recklessly!
You are too injured to fight recklessly!
You are too injured to fight recklessly!
The gnoll attacks as you move away! The gnoll barely misses you.
The goblin barely misses you. Robin hits you but does no damage.
You see here a +0 helmet.
The goblin attacks as you move away! The goblin hits you with a +0 club.
* * * LOW HITPOINT WARNING * * *
The hobgoblin throws a javelin.
The javelin pierces through you!
* * * LOW HITPOINT WARNING * * *
Robin says, "Kneel, worm!"
Robin throws the goblin at you! You block the goblin's attack.
The goblin completely misses you. The goblin attacks as you move away!
The goblin closely misses you. The goblin attacks as you move away!
You block the goblin's attack. Robin throws the goblin at you!
The goblin hits you with a +0 club.
You die...

#Kr## #.##
#########g#
#.........#
#.......g.#
#.......g.#
#.........# #
#.........####..
#.......@.......#
#######g###...#.#
#.###.### ####
#.....# # #...
##.#### #.###...
########..##
#.....†.
#.....#....####
####...)
#.....#.##....####
#....
#.....#.#####....#
###..


You could see Robin, a gnoll, a hobgoblin (strong) and a goblin (strong).

Vanquished Creatures
  Natasha (thrice) (D:2)
  2 dart slugs (D:1)
  3 endoplasms
  A giant cockroach (D:1)
  9 hobgoblins
  5 jackals
  3 quokkas (D:1)
  6 ball pythons
  5 bats
  4 frilled lizards (D:1)
  8 goblins
  5 kobolds
  6 rats
60 creatures vanquished.

Notes
Turn   | Place    | Note
-------+----------+-------------------------------------------
     0 | D:1      | Dittersdorf the Gargoyle Fighter began the quest for the
                  | Orb.
     0 | D:1      | Reached XP level 1. HP: 14/14 MP: 1/1
   149 | D:1      | Reached XP level 2. HP: 10/19 MP: 2/2
   420 | D:1      | Reached XP level 3. HP: 19/23 MP: 3/3
   515 | D:1      | You fall into a shaft and drop 1 floor!
   866 | D:2      | Noticed Natasha
   873 | D:2      | Killed Natasha
   874 | D:2      | Reached XP level 4. HP: 29/29 MP: 4/4
   960 | D:2      | Noticed Natasha
   975 | D:2      | Killed Natasha
  1027 | D:2      | Noticed Natasha
  1036 | D:2      | Killed Natasha
  1037 | D:2      | Reached XP level 5. HP: 17/33 MP: 5/5
  1294 | D:2      | Found Yllafed's Magic Scroll Shoppe.
  1294 | D:2      | Noticed Robin
  1306 | D:2      | HP: 1/33 [hobgoblin/javelin[Robin] (7)]
  1314 | D:2      | Slain by a goblin

Illustrated notes

Levels and vault maps discovered:
D:1:      dpeg_arrival_round_a, layout_basic
D:2:      layout_rooms, serial_shops, nicolae_shop_advertising_works
          [nicolae_subvault_shop_adworks], basic_altar, uniq_natasha, uniq_robin

Skill      XL: |  1  2  3  4 |
---------------+-------------+-----
Fighting       | 4 |  4.2
Armour         | 4 |  4.2
Shields        | 4 |  4.2
Maces & Flails | 3 |  3.1

Action                     |  1- 3 |  4- 6 || total
---------------------------+-------+-------++-------
  Melee: Flail             |   138 |   107 ||   245
 Armour: Scale mail        |   110 |    79 ||   189
  Dodge: Dodged            |    86 |    72 ||   158
  Block: Buckler           |    31 |    37 ||    68

Table legend: (Time is in decaauts)
 A = Elapsed time spent in this place.
 B = Non-inter-level travel time spent in this place.
 C = Inter-level travel time spent in this place.
 D = Time resting spent in this place.
 E = Time spent auto-exploring this place.
 F = Levels seen in this place.
 G = Mean time per level.
                   A        B        C        D        E       F      G
               +--------+--------+--------+--------+--------+-----+--------+
         Total |   1391 |   1380 |     11 |     86 |    796 |   2 |  695.5 |
       Dungeon |   1391 |   1380 |     11 |     86 |    796 |   2 |  695.5 |
               +--------+--------+--------+--------+--------+-----+--------+

Top non-repeatable levels by time:
     D:1: 868 daAuts
     D:2: 523 daAuts
